 Dungeon Crawl Stone Soup version 0.21.1-1-g345015f (webtiles) character file.

32506 troglodite the Fighter (level 13, -2/106 HPs)
             Began as a Demonspawn Berserker on Mar 19, 2018.
             Was an Elder of Trog.
             Slain by a tentacled starspawn (7 damage)
             ... on level 3 of the Abyss on Mar 20, 2018.
             The game lasted 00:57:57 (16446 turns).

troglodite the Fighter (Demonspawn Berserker)      Turns: 16446, Time: 00:57:58

Health: -2/106     AC: 18    Str: 20      XL:     13   Next: 31%
Magic:  0/13       EV: 19    Int:  5 (6)  God:    Trog [****..]
Gold:   969        SH: 19    Dex: 16      Spells: 12/12 levels left

rFire    + . .     SeeInvis .   s - +2 dagger (speed)
rCold    + . .     Gourm    .   K - +0 large shield
rNeg     + . .     Faith    .   x - +2 ring mail of the Sun {rF+ rN+ Str+4}
rPois    .         Spirit   +   b - +0 helmet
rElec    .         Reflect  +   v - scarf {Spirit}
rCorr    .         Harm     .   d - +0 pair of gloves
MR       .....                  P - +2 pair of boots {Stlth+}
Stlth    +++.......             I - +3 amulet of reflection
HPRegen  0.00/turn              m - +5 ring of slaying
MPRegen  0.13/turn              A - +5 ring of evasion

@: berserk cooldown, very slightly contaminated, slowed, very slow
A: claws 2, slimy green scales 2, cold resistance 1, [dopey 2], foul stench 1,
[inhibited regeneration], weak 1, rot immunity, [MP-powered wands]
a: Berserk, Trog's Hand, Brothers in Arms, Burn Spellbooks, Renounce Religion


You were on level 3 of the Abyss.
You worshipped Trog.
Trog was greatly pleased with you.
You were near starving.

You visited 1 branch of the dungeon, and saw 14 of its levels.
You visited the Abyss 1 time.
You also visited: Ice Cave.

You collected 969 gold pieces.

Inventory:

Hand Weapons
 a - a +0 falchion
 h - a +3 dagger
 s - a +2 dagger of speed (weapon)
Armour
 b - a +0 helmet (worn)
 d - a +0 pair of gloves (worn)
 r - a +4 ring mail
 v - a scarf of spirit shield (worn)
 x - the +2 ring mail of the Sun (worn) {rF+ rN+ Str+4}
   (You found it on level 6 of the Dungeon)

   It affects your strength (+4).
   It protects you from fire.
   It protects you from negative energy.
 K - a +0 large shield (worn)
 P - a +2 pair of boots of stealth (worn)
Jewellery
 m - a +5 ring of slaying (left hand)
 A - a +5 ring of evasion (right hand)
 D - an uncursed ring of positive energy
 H - a +5 ring of strength
 I - a +3 amulet of reflection (around neck)
 J - an uncursed ring of magical power
Wands
 u - a wand of random effects (29)
 y - a wand of acid (21)
 C - a wand of scattershot (4)
 G - a wand of polymorph (26)
 M - a wand of paralysis (15)
 N - a wand of enslavement (21)
Scrolls
 e - 5 scrolls of blinking
 f - 2 scrolls of teleportation
 g - 2 scrolls of noise {unknown}
 i - 5 scrolls of fear
 t - 2 scrolls of identify
 L - 2 scrolls of remove curse
Potions
 j - a potion of berserk rage
 k - 6 potions of curing
 l - a potion of might
 n - a potion of invisibility
 o - 2 potions of brilliance
 p - 3 potions of haste
 q - 3 potions of flight
 w - a potion of cancellation
 z - 7 potions of heal wounds
 B - 3 potions of lignification
 O - 2 potions of mutation
Comestibles
 c - 12 rations


   Skills:
 * Level 11.0 Fighting
 + Level 10.2(10.4) Short Blades
 + Level 3.2(7.3) Long Blades
 * Level 9.2 Armour
 * Level 10.0 Dodging
 + Level 3.2 Stealth
 * Level 7.9 Shields


You had 12 spell levels left.
You didn't know any spells.

Dungeon Overview and Level Annotations

Branches:
Dungeon (14/15)            Temple (0/1) D:6            Lair (0/6) D:9
    Orc (0/2) D:12         Vaults (0/5) D:13

Altars:
Ashenzari
Cheibriados
Dithmenos
Gozag


Innate Abilities, Weirdness & Mutations

You have very sharp fingernails.
You are mostly covered in slimy green scales. (AC +3)
Your flesh is cold resistant. (rC+)
You may emit foul miasma when damaged in melee.
You are immune to rotting.
You are weak. (Str -2)
[You are very dopey. (Int -4)]
[You do not regenerate when monsters are visible.]
[You expend magic power (3 MP) to strengthen your wands.]


Message History

Your shield prevents you from hitting the tentacled starspawn.
The tentacled starspawn is lightly damaged.
Tentacles burst from the starspawn's body!
Your ogre hits the tentacled starspawn with a giant club! 2 starspawn tentacles come into view.
Unknown command.
You hit the tentacled starspawn.
The tentacled starspawn is moderately damaged.
The tentacled starspawn bites you!
* * * LOW HITPOINT WARNING * * *
You block the tentacled starspawn's attack.
Your ogre hits the tentacled starspawn with a giant club!
Unknown command.
You puncture the tentacled starspawn!
The tentacled starspawn is heavily damaged.
You block the starspawn tentacle's attack.
The tentacled starspawn bites you!!
* * * LOW HITPOINT WARNING * * *
You emit a cloud of foul miasma!
The tentacled starspawn engulfs you!
You die...

........... ..#
........#... .#
..##..........#
#.... .....#
#..........
#..........
###.#######
##...# ###@#
#Xw.....#
#wO.......
.........#
.....###.#.
......# #
.......#
........#


You could see a tentacled starspawn, 2 starspawn tentacles and a friendly ogre
(berserk).

Vanquished Creatures
  A revenant (Abyss:3)
  A frost giant (IceCv)
  A hydra (D:13)
  6 two-headed ogres
  A death yak (IceCv)
  An unseen horror (D:10)
  2 necromancers (D:13)
  An ugly thing (D:12)
  Pikel (D:4)
  A cyclops (D:12)
  A deep elf mage (D:13)
  4 gargoyles
  Joseph (D:7)
  An ice statue (IceCv)
  A smoke demon (Abyss:3)
  5 rime drakes
  A tengu conjurer (D:13)
  A kobold demonologist (D:11)
  9 polar bears (IceCv)
  3 meliai (D:11)
  Prince Ribbit (D:6)
  5 trolls
  Grinder (D:4)
  3 raiju (Abyss:3)
  4 hippogriffs
  3 flying skulls (Abyss:3)
  A meliai zombie (D:12)
  Sigmund (D:4)
  2 wraiths (D:11)
  A large abomination (Abyss:3)
  A spriggan (D:8)
  A ynoxinul (Abyss:3)
  24 yaks
  Grum (D:10)
  A hungry ghost (D:12)
  A water moccasin (D:10)
  5 orc warriors
  2 black bears
  An ice beast (D:5)
  2 porcupines (D:9)
  A sky beast (D:5)
  3 phantoms
  4 ogres
  3 necrophages
  3 crocodiles (D:9)
  13 wolves
  5 centaurs
  2 big kobolds
  5 bullfrogs
  A wyvern zombie (D:11)
  A wyvern skeleton (D:7)
  A scorpion (D:9)
  An electric eel (D:8)
  4 crimson imps
  2 bullfrog zombies
  4 orc priests
  2 centaur zombies
  4 jellies
  7 hounds
  4 orc wizards
  3 centaur skeletons
  An iguana (D:9)
  4 bullfrog skeletons
  8 worker ants
  The ghost of letownia2 the Magician, a weakling MfWz (D:3)
  A worker ant zombie (D:5)
  Robin (D:3)
  11 gnolls
  11 adders
  7 shadow imps
  An ooze (D:3)
  3 adder skeletons
  3 adder zombies
  2 worms
  A dart slug (D:1)
  5 leopard geckos
  22 orcs
  2 giant cockroaches
  8 goblins
  9 hobgoblins
  7 jackals
  4 quokkas
  3 ball pythons
  5 bats
  3 frilled lizards
  19 kobolds
  A leopard gecko skeleton (D:5)
  A quokka zombie (D:8)
  6 rats
  3 fungi (D:9)
330 creatures vanquished.

Vanquished Creatures (collateral kills)
  3 polar bears (IceCv)
  A troll (D:13)
  2 flying skulls (Abyss:3)
  A yak (IceCv)
  3 starcursed masses (Abyss:3)
  A wraith (D:13)
  A ynoxinul (Abyss:3)
  A basilisk (D:11)
  A black bear (D:10)
  3 wolves
  A quokka (D:10)
18 creatures vanquished.

Vanquished Creatures (others)
  25 fungi (D:9)
  5 plants (D:9)
30 creatures vanquished.

Grand Total: 378 creatures vanquished

Notes
Turn   | Place    | Note
-------+----------+-------------------------------------------
     0 | D:1      | troglodite the Demonspawn Berserker began the quest for the Orb.
     0 | D:1      | Reached XP level 1. HP: 18/18 MP: 1/1
   161 | D:1      | Gained mutation: You are partially covered in slimy green scales. (AC +2) [demonic ancestry]
   161 | D:1      | Reached XP level 2. HP: 12/24 MP: 2/2
   972 | D:1      | Reached ** piety under Trog
  1106 | D:2      | Gained mutation: You are immune to rotting. [demonic ancestry]
  1106 | D:2      | Reached XP level 3. HP: 30/30 MP: 3/3
  1198 | D:2      | Found an opulent altar of Gozag.
  1603 | D:3      | Gained mutation: You have sharp fingernails. [demonic ancestry]
  1603 | D:3      | Reached XP level 4. HP: 33/37 MP: 4/4
  1610 | D:3      | Noticed letownia2's ghost (weakling MfWz)
  1621 | D:3      | Killed letownia2's ghost
  1621 | D:3      | Reached skill level 4 in Fighting
  1676 | D:3      | Reached skill level 1 in Short Blades
  1687 | D:3      | Reached XP level 5. HP: 42/42 MP: 5/5
  1747 | D:3      | Noticed Robin
  1759 | D:3      | Killed Robin
  2606 | D:4      | Noticed Pikel
  2607 | D:4      | Noticed a slave
  2608 | D:4      | Noticed a slave
  2608 | D:4      | Noticed a slave
  2608 | D:4      | Noticed a slave
  2617 | D:4      | Killed Pikel
  2617 | D:4      | Reached skill level 5 in Fighting
  2617 | D:4      | Gained mutation: You are mostly covered in slimy green scales. (AC +3) [demonic ancestry]
  2617 | D:4      | Reached XP level 6. HP: 51/51 MP: 6/6
  2617 | D:4      | Gained mutation: You may emit foul miasma when damaged in melee. [demonic ancestry]
  2617 | D:4      | Reached XP level 7. HP: 56/56 MP: 7/7
  2911 | D:4      | Noticed Sigmund
  2936 | D:4      | Killed Sigmund
  2972 | D:4      | Noticed Grinder
  2988 | D:4      | Paralysed by Grinder for 7 turns
  3006 | D:4      | Paralysed by Grinder for 4 turns
  3023 | D:4      | Paralysed by Grinder for 6 turns
  3035 | D:4      | Killed Grinder
  3035 | D:4      | Reached XP level 8. HP: 37/63 MP: 8/8
  3343 | D:5      | Entered Level 5 of the Dungeon
  3355 | D:5      | Reached *** piety under Trog
  3566 | D:5      | Reached skill level 1 in Stealth
  3811 | D:5      | Reached skill level 5 in Short Blades
  4118 | D:5      | Reached skill level 6 in Fighting
  4445 | D:6      | Noticed Prince Ribbit
  4505 | D:6      | Killed Prince Ribbit
  4505 | D:6      | Reached skill level 5 in Dodging
  4592 | D:6      | Found a staircase to the Ecumenical Temple.
  4681 | D:6      | Got a shimmering ring mail
  4692 | D:6      | Identified the +2 ring mail of the Sun {rF+ rN+ Str+4} (You found it on level 6 of the Dungeon)
  4863 | D:6      | Gained mutation: Your flesh is cold resistant. (rC+) [demonic ancestry]
  4863 | D:6      | Reached XP level 9. HP: 65/70 MP: 7/9
  5243 | D:7      | Noticed Joseph
  5573 | D:7      | Killed Joseph
  5573 | D:7      | Reached skill level 5 in Armour
  5898 | D:7      | Reached skill level 7 in Fighting
  6330 | D:7      | Noticed a troll
  6341 | D:7      | Killed a troll
  6361 | D:7      | Found a snail-covered altar of Cheibriados.
  6443 | D:7      | Reached **** piety under Trog
  6724 | D:8      | Found a shadowy altar of Dithmenos.
  6850 | D:8      | Noticed a two-headed ogre
  6865 | D:8      | Killed a two-headed ogre
  6865 | D:8      | Reached XP level 10. HP: 80/80 MP: 10/10
  7988 | D:9      | Reached skill level 8 in Fighting
  8172 | D:9      | Found a staircase to the Lair.
  9054 | D:10     | Entered Level 10 of the Dungeon
  9303 | D:10     | Killed an unseen horror
  9303 | D:10     | Reached skill level 9 in Fighting
  9512 | D:10     | Noticed Grum
  9526 | D:10     | Gained mutation: You have very sharp fingernails. [demonic ancestry]
  9526 | D:10     | Reached XP level 11. HP: 87/89 MP: 7/11
  9538 | D:10     | Killed Grum
  9870 | D:10     | Noticed a two-headed ogre
  9881 | D:10     | Killed a two-headed ogre
 10421 | D:11     | Noticed a two-headed ogre
 10446 | D:11     | Killed a two-headed ogre
 10451 | D:11     | Reached ***** piety under Trog
 10543 | D:11     | Noticed a two-headed ogre
 10553 | D:11     | Killed a two-headed ogre
 12037 | D:12     | Found a staircase to the Orcish Mines.
 12156 | D:12     | Reached skill level 10 in Fighting
 12327 | D:12     | Reached skill level 1 in Shields
 12839 | D:12     | Noticed a cyan ugly thing
 12853 | D:12     | Killed a cyan ugly thing
 13216 | D:13     | Noticed a two-headed ogre
 13226 | D:13     | Killed a two-headed ogre
 13226 | D:13     | Reached XP level 12. HP: 97/97 MP: 10/12
 13277 | D:13     | Found a shattered altar of Ashenzari.
 13444 | D:13     | Received a gift from Trog
 13453 | D:13     | Noticed a four-headed hydra
 13478 | D:13     | Killed a four-headed hydra
 13527 | D:13     | Found a frozen archway.
 13561 | IceCv    | Entered an ice cave
 14284 | IceCv    | Reached skill level 10 in Short Blades
 14286 | IceCv    | Noticed a death yak
 14310 | IceCv    | Killed a death yak
 14310 | IceCv    | Reached skill level 5 in Shields
 14914 | IceCv    | Noticed a frost giant
 14961 | IceCv    | Killed a frost giant
 15416 | D:13     | Reached XP level 13. HP: 105/105 MP: 13/13
 15790 | D:13     | Received a gift from Trog
 16017 | D:13     | Found a gate to the Vaults.
 16144 | D:14     | Cast into level 3 of the Abyss (a wizard)
 16252 | Abyss:3  | Gained mutation: You are weak. (Str -2) [a neqoxec]
 16327 | Abyss:3  | Noticed a starcursed mass
 16350 | Abyss:3  | Paralysed by accursed screaming for 2 turns
 16363 | Abyss:3  | Killed a starcursed mass
 16363 | Abyss:3  | Reached skill level 10 in Dodging
 16413 | Abyss:3  | Noticed a revenant
 16426 | Abyss:3  | Killed a revenant
 16426 | Abyss:3  | Reached skill level 11 in Fighting
 16441 | Abyss:3  | Noticed a tentacled starspawn
 16446 | Abyss:3  | HP: 5/106 [tentacled starspawn (22)]
 16446 | Abyss:3  | Slain by a tentacled starspawn

Skill      XL: |  1  2  3  4  5  6  7  8  9 10 11 12 13 |
---------------+----------------------------------------+-----
Dodging        | 2 3 4 5 6 7 8 9 10 | 10.0
Long Blades    | 3 |  3.2
Armour         | 2 3 4 5 7 8 9 |  9.2
Fighting       | 4 5 6 7 9 10 11 | 11.0
Short Blades   | 1 3 4 6 7 8 9 10 | 10.2
Stealth        | 1 2 3 |  3.2
Shields        | 2 6 7 |  7.9

Action                   |  1- 3 |  4- 6 |  7- 9 | 10-12 | 13-15 || total
-------------------------+-------+-------+-------+-------+-------++-------
Melee: Dagger            |   117 |   101 |   626 |  1572 |   205 ||  2621
Invok: Berserk           |       |     5 |     7 |    30 |     6 ||    48
       Brothers in Arms  |       |       |       |     7 |     2 ||     9
       Burn Spellbooks   |       |       |       |     1 |       ||     1
  Use: Scroll            |     6 |       |     7 |    12 |     2 ||    27
       Potion            |       |       |       |     1 |       ||     1
 Stab: Sleeping          |       |       |       |     2 |       ||     2
       Distracted        |       |       |       |     1 |       ||     1
  Eat: Chunk             |     2 |     7 |    26 |    34 |     2 ||    71
       Ration            |       |       |       |     6 |     2 ||     8
Armor: Animal skin       |    35 |     9 |       |       |       ||    44
       Leather armour    |       |     9 |       |       |       ||     9
       Ring mail         |       |     1 |   135 |   237 |    25 ||   398
Dodge: Dodged            |    75 |    75 |   205 |   446 |    56 ||   857
Block: Large shield      |       |       |       |   391 |   123 ||   514
       Other             |       |       |       |    30 |       ||    30
       Reflection        |       |       |       |     9 |     2 ||    11
